 Dungeon Crawl Stone Soup version 0.30-a0-1066-g63dfefce0d (webtiles) character file.

Game seed: 16345265466492148749

7481 drjones the Carver (level 11, -12/57 HPs)
             Began as a Gargoyle Gladiator on Apr 11, 2023.
             Was a Priest of Okawaru.
             Mangled by a red ugly thing (28 damage)
             ... on level 9 of the Dungeon on Apr 12, 2023.
             The game lasted 00:36:47 (8133 turns).

drjones the Carver (Gargoyle Gladiator)             Turns: 8133, Time: 00:36:48

Health: -12/57     AC: 22    Str: 17    XL:     11   Next: 15%
Magic:  16/17      EV: 20    Int: 10    God:    Okawaru [***...]
Gold:   828        SH:  0    Dex: 15    Spells: 10/10 levels left

rFire   x . .      SeeInvis +    a - +1 scimitar (flame)
rCold   . . .      Faith    .    (no shield)
rNeg    + . .      Spirit   .    c - +0 troll leather armour
rPois   ∞          Reflect  .    M - +1 helmet
rElec   +          Rampage  .    s - +1 cloak
rCorr   .          Rage     3%   (no gloves)
Will    .....                    D - +2 pair of boots
Stlth   +++                      C - amulet of magic regeneration
HPRegen 1.09/turn                i - +5 ring of evasion
MPRegen 0.55/turn                t - ring of see invisible

@: heroic, studying Fighting
A: sickness immunity, AC +8, negative energy resistance 1, electricity
resistance, torment resistance 1, petrification resistance, iridescent scales 1,
berserk 1, heat vulnerability 1
a: Renounce Religion, Heroism


You were on level 9 of the Dungeon.
You worshipped Okawaru.
Okawaru was most pleased with you.
You visited 2 branches of the dungeon, and saw 10 of its levels.
You also visited: Bailey.

You collected 828 gold pieces.

Inventory:

Hand Weapons
 a - a +1 scimitar of flaming (weapon)
 b - a +6 shortbow
 f - a +2 whip of electrocution
 j - a +1 long sword
 L - a +2 vampiric bardiche
Missiles
 e - a javelin
 k - 8 poisoned darts (quivered)
 y - a curare-tipped dart
 K - 10 atropa-tipped darts
Armour
 c - a +0 troll leather armour (worn)
 s - a +1 cloak (worn)
 D - a +2 pair of boots (worn)
 M - a +1 helmet (worn)
Jewellery
 i - a +5 ring of evasion (left hand)
 n - a ring of magical power
 t - a ring of see invisible (right hand)
 C - an amulet of magic regeneration (around neck)
 N - a ring of protection from cold
Wands
 A - a wand of iceblast (6)
 O - a wand of flame (5)
Scrolls
 h - a scroll of identify
 p - 2 scrolls of noise
 w - a scroll of teleportation {unknown}
 x - 3 scrolls of enchant armour
 B - 2 scrolls of brand weapon
 E - a scroll of magic mapping {unknown}
 G - a scroll of immolation {unknown}
 J - 2 scrolls of amnesia
Potions
 d - a potion of attraction
 g - a potion of berserk rage
 l - 2 potions of resistance
 o - 2 potions of brilliance
 q - a potion of flight {unknown}
 H - 3 potions of haste {unknown}
 I - a potion of might {unknown}


   Skills:
 - Level 2.1(7.1) Fighting
 - Level 14.0(19.0) Long Blades
 - Level 1.7(6.7) Throwing
 - Level 2.4(7.4) Dodging
 + Level 8.3 Invocations


You had 10 spell levels left.
You didn't know any spells.
Your spell library contained the following spells:

 Spells                   Type           Power      Damage    Failure   Level
 Freeze                   Ice            0%         1d3       41%         1
 Sandblast                Erth           0%         2d4       41%         1
 Passwall                 Tmut/Erth      0%         N/A       56%         2
 Frozen Ramparts          Ice            0%         1d1       80%         3
 Hailstorm                Conj/Ice       0%         3d3       80%         3
 Stone Arrow              Conj/Erth      0%         3d7       80%         3
 Blade Hands              Tmut           0%         N/A       100%        5
 Irradiate                Conj/Tmut      0%         3d11      100%        5
 Eringya's Noxious Bog    Tmut/Pois      0%         N/A       100%        6
 Dragon Form              Tmut           0%         N/A       100%        7
 Summon Forest            Summ/Tloc      Unusable   N/A       N/A         5
 Summon Hydra             Summ           Unusable   N/A       N/A         7

Dungeon Overview and Level Annotations

Branches:
Dungeon (9/15)             Temple (1/1) D:6            Lair (0/5) D:9
 Bailey (visited)
    Orc: D:9-12

Altars:
Ashenzari
Cheibriados
Dithmenos
Elyvilon
Fedhas
Gozag
Hepliaklqana
Kikubaaqudgha
Makhleb
Nemelex Xobeh
Okawaru
Qazlal
Sif Muna
Trog
Uskayaw
Vehumet
Wu Jian
Xom
Yredelemnul
Zin

Annotations:
D:5 3 runed translucent doors, Rueben's ghost, novice DrBe


Innate Abilities, Weirdness & Mutations

You are immune to sickness and miasma.
Your stone body is resilient. (AC +8)
You are immune to poison.
You resist negative energy. (rN+)
You are resistant to electric shocks. (rElec)
You are resistant to unholy torment.
You are immune to petrification.
You are partially covered in iridescent scales. (AC +2)
You sometimes lose your temper in combat.
You are vulnerable to heat. (rF-)


Message History

The cyclops closely misses you.
You hit the cyclops. You burn the cyclops.
The cyclops is heavily wounded.
You slash the cyclops! You burn the cyclops.
The cyclops is almost dead.
The cyclops barely misses you.
You slash the cyclops! You burn the cyclops.
You kill the cyclops!
Okawaru is honoured by your kill.
You can now speed up your combat.
Your Invocations skill increases to level 8!
Things that are here:
3 large rocks; a cyclops corpse; a bullfrog corpse
k - 4 poisoned darts (gained 1)
k - 6 poisoned darts (gained 2)
k - 7 poisoned darts (gained 1)
k - 8 poisoned darts (gained 1)
A red ugly thing comes into view.
The red ugly thing gurgles horribly!
You slash the red ugly thing! You burn the red ugly thing.
The red ugly thing is moderately wounded.
You slash the red ugly thing!
The red ugly thing is moderately wounded.
The red ugly thing headbutts you.
You are engulfed in flames!!
The fire burns you terribly!
Ouch! That really hurt!
You hit the red ugly thing. You burn the red ugly thing.
The red ugly thing is heavily wounded.
The red ugly thing misses you.
You gain the combat prowess of a mighty hero.
You can no longer speed up your combat.
The red ugly thing headbutts you but does no damage.
You hit the red ugly thing. You burn the red ugly thing.
The red ugly thing is heavily wounded.
You closely miss the red ugly thing.
The red ugly thing is heavily wounded.
A tengu conjurer comes into view. It is wielding a +0 dagger.
The red ugly thing headbutts you!
* * * LOW HITPOINT WARNING * * *
You are engulfed in flames!!
The fire burns you terribly!
You die...

# #####.##### # #.# #
#.######## #
#......... #
#...#####. #
#.....#.### #
#...#.##..#
###########.....#u..#
...........†....@##.#
###########...#.#.#..#
# #...#..#..... #
#...#..##...#. ###
#..#.#..#..#.#.. ..#
#..#(.###.#.#. . ...P#
##...## #.#.## P...#
#.#Q# .# .....# #.##.#


You could see a red ugly thing and a tengu conjurer (wandering).

Vanquished Creatures
  A two-headed ogre (D:9)
  A cyclops (D:9)
  A gargoyle (Bailey)
  2 komodo dragons
  An efreet (D:9)
  A troll (D:7)
  3 wyverns
  A vampire (Bailey)
  4 yaks (D:8)
  Menkaure (D:4)
  A water moccasin (D:7)
  3 black bears
  An ice beast (D:6)
  2 sky beasts (D:6)
  An orc warrior (D:8)
  4 ogres
  5 centaurs
  A kobold brigand (D:9)
  4 bullfrogs
  2 scorpions
  4 wights (D:9)
  A killer bee (D:9)
  A howler monkey (D:9)
  6 wolf zombies (Bailey)
  9 vampire bats (Bailey)
  6 hounds
  A sleepcap (D:6)
  4 orc priests
  A gnoll bouda (D:5)
  Terence (D:2)
  4 iguanas
  Natasha (D:3)
  11 orc wizards
  11 adders
  9 gnolls
  2 shadow imps
  2 worms
  3 dart slugs
  37 orcs
  7 endoplasms
  A giant cockroach (D:3)
  7 goblins
  3 hobgoblins
  4 jackals (D:5)
  5 quokkas
  8 ball pythons
  3 bats
  12 frilled lizards
  7 kobolds
  14 orc zombies (Bailey)
  8 rats
  A bush (D:7)
234 creatures vanquished.

Vanquished Creatures (others)
  2 yaks (D:9)
  A black bear (D:9)
  An orc warrior (D:9)
  An orc priest (D:9)
  An orc (D:9)
  69 fungi
  55 plants
  3 toadstools (D:2)
133 creatures vanquished.

Grand Total: 367 creatures vanquished

Notes
Turn   | Place    | Note
-------+----------+-------------------------------------------
     0 | D:1      | drjones the Gargoyle Gladiator began the quest for the Orb.
     0 | D:1      | Reached XP level 1. HP: 12/12 MP: 1/1
   119 | D:1      | Reached skill level 3 in Long Blades
   171 | D:1      | Reached XP level 2. HP: 8/17 MP: 2/2
   472 | D:1      | Reached XP level 3. HP: 20/21 MP: 3/3
   831 | D:1      | Upgraded the game from 0.30-a0-1053-gbd8d5ba0ad to
                  | 0.30-a0-1066-g63dfefce0d
   885 | D:2      | Reached skill level 4 in Long Blades
  1138 | D:2      | Reached XP level 4. HP: 26/26 MP: 4/4
  1428 | D:2      | Noticed Terence
  1514 | D:2      | HP: 1/26 [Terence/+0 morningstar (12)]
  1522 | D:2      | Killed Terence
  1523 | D:2      | Reached skill level 5 in Long Blades
  1523 | D:2      | Reached XP level 5. HP: 21/30 MP: 5/5
  2228 | D:3      | Found a faded altar of an unknown god.
  2456 | D:3      | Reached XP level 6. HP: 29/35 MP: 6/6
  2461 | D:3      | Reached skill level 6 in Long Blades
  2552 | D:3      | Found a faded altar of an unknown god.
  2557 | D:3      | Found a sparkling altar of Nemelex Xobeh.
  2599 | D:3      | Found a shadowy altar of Dithmenos.
  2889 | D:3      | Noticed Natasha
  2903 | D:3      | Killed Natasha
  2920 | D:3      | Found an ornate altar of the Wu Jian Council.
  3005 | D:4      | Noticed Menkaure
  3028 | D:4      | Killed Menkaure
  3271 | D:4      | Reached skill level 7 in Long Blades
  3271 | D:4      | Reached XP level 7. HP: 40/40 MP: 7/7
  3637 | D:5      | Entered Level 5 of the Dungeon
  3719 | D:5      | Reached skill level 8 in Long Blades
  4002 | D:5      | Reached XP level 8. HP: 44/44 MP: 8/8
  4018 | D:5      | Found a stormy altar of Qazlal.
  4167 | D:5      | Reached skill level 9 in Long Blades
  4556 | D:5      | Found a runed translucent gate.
  4556 | D:5      | Found a runed translucent gate.
  4556 | D:5      | Found a runed translucent gate.
  4558 | D:5      | Noticed Rueben's ghost (novice DrBe)
  4644 | D:6      | Noticed a wyvern
  4658 | D:5      | Killed a wyvern
  4659 | D:5      | Reached skill level 10 in Long Blades
  5102 | D:6      | Found a staircase to the Ecumenical Temple.
  5112 | Temple   | Entered the Ecumenical Temple
  5142 | Temple   | Became a worshipper of Warmaster Okawaru
  5291 | D:6      | Reached XP level 9. HP: 40/48 MP: 9/9
  5549 | D:6      | Reached skill level 11 in Long Blades
  5607 | D:7      | Noticed a troll
  5620 | D:7      | Killed a troll
  5651 | D:7      | Found a flagged portal.
  5658 | Bailey   | Entered a bailey
  5899 | Bailey   | Reached * piety under Okawaru
  5921 | Bailey   | Reached skill level 12 in Long Blades
  6077 | Bailey   | Noticed a gargoyle
  6102 | Bailey   | Killed a gargoyle
  6203 | D:7      | Reached XP level 10. HP: 53/53 MP: 10/10
  6232 | D:7      | Found a blossoming altar of Fedhas.
  6282 | D:7      | Found a hazy altar of Hepliaklqana.
  6365 | D:7      | Found a hide-covered altar of Uskayaw.
  6367 | D:7      | Found a burning altar of Makhleb.
  6407 | D:7      | Found a basalt altar of Yredelemnul.
  6413 | D:7      | Reached skill level 1 in Invocations
  6446 | D:7      | Reached skill level 13 in Long Blades
  6843 | D:8      | Found a broken altar of Ashenzari.
  6877 | D:8      | Reached ** piety under Okawaru
  7617 | D:8      | Reached skill level 5 in Invocations
  7713 | D:9      | Reached *** piety under Okawaru
  7781 | D:9      | HP: 1/53 [kobold/puff of flame (6)]
  7782 | D:9      | Found a staircase to the Lair.
  7924 | D:9      | Noticed a two-headed ogre
  7949 | D:9      | Killed a two-headed ogre
  7993 | D:9      | Reached skill level 14 in Long Blades
  7993 | D:9      | Reached XP level 11. HP: 14/57 MP: 14/16
  7993 | D:9      | Gained mutation: You sometimes lose your temper in combat.
                  | [potion of mutation]
  7993 | D:9      | Gained mutation: You are vulnerable to heat. (rF-) [potion
                  | of mutation]
  7993 | D:9      | Gained mutation: You are partially covered in iridescent
                  | scales. (AC +2) [potion of mutation]
  8089 | D:9      | Noticed a cyclops
  8109 | D:9      | Killed a cyclops
  8109 | D:9      | Reached **** piety under Okawaru
  8125 | D:9      | Noticed a red ugly thing
  8133 | D:9      | Mangled by a red ugly thing

Illustrated notes

Levels and vault maps discovered:
D:1:      dpeg_arrival_brainrot, layout_loops_ring,
          minmay_misc_feat_secret_circle
D:2:      wad_pebble_path, layout_basic, serial_curves, eino_curves_04,
          eino_curves_03, minmay_gold_behind_fungi, minmay_lizard_pond,
          uniq_terence
D:3:      layout_loops_ring, mainiacjoe_overflow_concentric_impassable,
          nzn_wu_jian_council_hall, nicolae_overflow_ecumenical_swirl,
          nicolae_ecumenical_oubliette, uniq_natasha
D:4:      layout_rooms, kennysheep_potato, uniq_menkaure
D:5:      layout_basic, lemuel_crystal_altar, gammafunk_ghost_nasty_kobolds
D:6:      layout_basic, minmay_temple_entry_overgrown
D:7:      layout_rooms, nicolae_overflow_crystal_walls, amcnicky_altar_gilded,
          nicolae_overflow_hidden_temple, fedhas_altar_3, enter_bailey_2,
          serial_glass, glass_columns_b, glass_columns_b,
          kb_lookout_dungeons_type
D:8:      layout_rooms, mainiacjoe_overflow_tiny_flanked, corner_web_ring,
          minmay_manual_mares
D:9:      layout_roguey, nicolae_ru_great_annihilating_truth,
          due_lair_maze_entry_diamond, minmay_shattered_shrine
Temple:   hellmonk_temple_rainy

Skill      XL: |  1  2  3  4  5  6  7  8  9 10 11 |
---------------+----------------------------------+-----
Long Blades    | 3 4 5 7 8 10 12 14 | 14.0
Invocations    | 6 8 |  8.3
Fighting       | |  2.1
Throwing       | |  1.7
Dodging        | |  2.4

Action                     |  1- 3 |  4- 6 |  7- 9 | 10-12 || total
---------------------------+-------+-------+-------+-------++-------
  Melee: Long sword        |   120 |   276 |   550 |   333 ||  1279
         Punch             |       |     4 |    12 |     9 ||    25
         Bardiche          |       |       |    11 |       ||    11
         Scimitar          |       |       |       |    19 ||    19
  Throw: Throwing net      |       |     6 |       |       ||     6
         Dart              |       |     6 |    18 |     8 ||    32
         Javelin           |       |       |       |     1 ||     1
 Invoke: Heroism           |       |       |     2 |     3 ||     5
    Use: Potion            |       |     3 |       |     9 ||    12
         Scroll            |       |       |     4 |     8 ||    12
   Stab: Sleeping          |     1 |     1 |       |       ||     2
         Held in net/web   |       |     3 |       |       ||     3
         Distracted        |       |       |       |     1 ||     1
         Fleeing           |       |       |       |     1 ||     1
 Armour: Leather armour    |    36 |    82 |   112 |       ||   230
         Troll leather arm |       |       |   107 |   133 ||   240
  Dodge: Dodged            |   110 |   275 |   587 |   304 ||  1276

Table legend: (Time is in decaauts)
 A = Elapsed time spent in this place.
 B = Non-inter-level travel time spent in this place.
 C = Inter-level travel time spent in this place.
 D = Time resting spent in this place.
 E = Time spent auto-exploring this place.
 F = Levels seen in this place.
 G = Mean time per level.
                   A        B        C        D        E       F      G
               +--------+--------+--------+--------+--------+-----+--------+
         Total |   8043 |   7624 |    419 |    205 |   4540 |  11 |  731.2 |
       Dungeon |   7524 |   7105 |    419 |    205 |   4417 |   9 |  836.0 |
        Temple |     44 |     44 |      0 |      0 |      9 |   1 |   44.0 |
        Bailey |    474 |    474 |      0 |      0 |    114 |   1 |  474.0 |
               +--------+--------+--------+--------+--------+-----+--------+

Top non-repeatable levels by time:
     D:2: 1281 daAuts
     D:5: 971 daAuts
     D:1: 885 daAuts
     D:3: 866 daAuts
     D:6: 812 daAuts
     D:4: 784 daAuts
     D:7: 711 daAuts
     D:9: 609 daAuts
     D:8: 602 daAuts
  Bailey: 474 daAuts
  Temple: 44 daAuts
